 Dungeon Crawl Stone Soup version 0.30.0-5-g1a98f26d00 (webtiles) character file.

Game seed: 9276143731431777874

941 qeuew the Covered (level 7, -3/46 (61) HPs)
             Began as a Minotaur Fighter on May 8, 2023.
             Was an Initiate of Gozag.
             Slain by mnelsen79's ghost (5 damage)
             ... on level 5 of the Dungeon.
             The game lasted 00:04:09 (4582 turns).

qeuew the Covered (Minotaur Fighter)                Turns: 4582, Time: 00:04:10

HP:   -3/46 (61)    AC:  7    Str: 24    XL:     7   Next: 88%
MP:   6/6           EV: 11    Int:  4    God:    Gozag
Gold: 376           SH:  5    Dex: 11    Spells: 6/6 levels left

rFire   . . .        a - +0 war axe (venom)
rCold   + . .        c - +0 buckler
rNeg    + . .        b - +0 scale mail
rPois   .            (helmet restricted)
rElec   .            (no cloak)
rCorr   .            (no gloves)
SInv    .            (no boots)
Will    .....        (no amulet) Stlth
                     h - ring of protection from cold
HPRegen 0.27/turn    g - ring of positive energy
MPRegen 0.10/turn

%: no passive effects
@: heavily drained
A: horns 2, retaliatory headbutt, strong 1
a: Renounce Religion, Potion Petition, Call Merchant, Bribe Branch


You were on level 5 of the Dungeon.
You worshipped Gozag.
Gozag was aware of your devotion.
You visited 1 branch of the dungeon, and saw 5 of its levels.

You collected 465 gold pieces.
You paid 89 gold pieces to Gozag.

Inventory:

Hand Weapons
 a - a +0 war axe of venom (weapon)
Armour
 b - a +0 scale mail (worn)
 c - a +0 buckler (worn)
Jewellery
 g - a ring of positive energy (right hand)
 h - a ring of protection from cold (left hand)
Wands
 j - a wand of iceblast (5)
Scrolls
 f - a scroll of brand weapon
 i - a scroll of identify
 m - 2 scrolls of noise {unknown}
Potions
 d - a potion of might
 k - a potion of magic
 l - a potion of resistance


   Skills:
 + Level 5.5 Fighting
 + Level 4.8 Axes
 * Level 6.8 Armour
 + Level 3.5 Dodging
 + Level 5.5 Shields
 + Level 2.3 Evocations


You had 6 spell levels left.
You didn't know any spells.
Your spell library contained the following spells:

 Spells                   Type           Power      Damage    Failure   Level
 Slow                     Hex            0%         N/A       83%         1
 Sting                    Tmut/Pois      0%         1d3       83%         1
 Poisonous Vapours        Pois/Air       0%         N/A       92%         2
 Call Canine Familiar     Summ           0%         N/A       99%         3
 Confusing Touch          Hex            0%         N/A       99%         3
 Portal Projectile        Hex/Tloc       0%         N/A       99%         3
 Vampiric Draining        Necr           0%         2d6       99%         3
 Leda's Liquefaction      Hex/Erth       0%         N/A       100%        4
 Olgreb's Toxic Radiance  Pois           0%         N/A       100%        4


Dungeon Overview and Level Annotations

Branches:
Dungeon (5/15)             Temple (0/1) D:5

Altars:
Gozag
Nemelex Xobeh
Ru
Sif Muna

Annotations:
D:3 3 runed translucent doors, Palms's ghost, amateur DETm
D:5 mnelsen79's ghost, novice MiBe


Innate Abilities, Weirdness & Mutations

You have a pair of horns on your head.
You reflexively headbutt those who attack you in melee.
Your muscles are strong. (Str +4, Int/Dex -1)


Message History

You partially resist.
You feel drained.
You barely miss mnelsen79's ghost.
Mnelsen79's ghost is severely damaged.
Mnelsen79's ghost hits you.
* * * LOW HITPOINT WARNING * * *
You partially resist.
You feel drained.
You feel better. Mnelsen79's ghost barely misses you.
You hit mnelsen79's ghost but do no damage.
Your headbutt misses mnelsen79's ghost.
Mnelsen79's ghost is severely damaged.
Mnelsen79's ghost hits you.
* * * LOW HITPOINT WARNING * * *
You partially resist.
You feel drained.
You feel better.
Mnelsen79's ghost hits you but does no damage.
You partially resist.
You closely miss mnelsen79's ghost.
Mnelsen79's ghost is severely damaged.
Mnelsen79's ghost hits you!
* * * LOW HITPOINT WARNING * * *
You partially resist.
You feel drained.
* * * LOW HITPOINT WARNING * * *
You completely miss mnelsen79's ghost.
Mnelsen79's ghost is severely damaged.
Mnelsen79's ghost closely misses you. x2; You furiously retaliate!
You headbutt mnelsen79's ghost, but do no damage.
You slash mnelsen79's ghost!
Mnelsen79's ghost is almost destroyed.
You block mnelsen79's ghost's attack.
You barely miss mnelsen79's ghost.
You headbutt mnelsen79's ghost, but do no damage.
Mnelsen79's ghost is almost destroyed.
Mnelsen79's ghost hits you!
* * * LOW HITPOINT WARNING * * *
You partially resist.
You feel drained.
You barely miss mnelsen79's ghost.
Mnelsen79's ghost is almost destroyed.
Mnelsen79's ghost hits you.
You die...
Your body crumbles into a pile of gold.

......#....#....#.....#...'...#
.)....#....#....#.....#...#...#
.).)..'....#....#.....'...#...#
....).#....#.................##
..###.###..................#.#
#.###.#######...#########..#.#
....#...# #....#.......#....#
....#...# #....#..###..#...##
....#...# #....@..###..#..##
....#...# #....W.?...$.#..#
........# ##....'..###$.#..#
#......## #.....#..###..#..#
######## ####..#.......#..#
#...#########.[#
#..............#
#..............#
##..###....#####


You could see mnelsen79's ghost.

Vanquished Creatures
  2 black bears
  An ogre (D:4)
  4 scorpions
  5 hounds
  An iguana (D:5)
  2 orc wizards (D:5)
  Robin (D:2)
  3 gnolls (D:4)
  8 adders
  A white imp (D:5)
  4 worms
  10 orcs
  4 ball pythons
  5 endoplasms
  2 giant cockroaches
  9 hobgoblins
  4 jackals (D:5)
  A quokka (D:1)
  2 bats
  3 frilled lizards
  14 goblins
  6 kobolds
  6 rats
98 creatures vanquished.

Notes
Turn   | Place    | Note
-------+----------+-------------------------------------------
     0 | D:1      | qeuew the Minotaur Fighter began the quest for the Orb.
     0 | D:1      | Reached XP level 1. HP: 19/19 MP: 0/0
   286 | D:1      | Reached XP level 2. HP: 24/27 MP: 1/1
   471 | D:1      | Reached skill level 4 in Armour
   817 | D:2      | Reached skill level 1 in Dodging
   817 | D:2      | Reached XP level 3. HP: 33/33 MP: 2/2
   854 | D:2      | Noticed Robin
   864 | D:2      | Killed Robin
  1175 | D:2      | Found a faded altar of an unknown god.
  1182 | D:2      | Reached XP level 4. HP: 39/40 MP: 3/3
  1524 | D:2      | Gained mutation: Your muscles are strong. (Str +4, Int/Dex
                  | -1) [potion of mutation]
  1853 | D:3      | Found a runed translucent gate.
  1853 | D:3      | Found a runed translucent gate.
  1853 | D:3      | Found a runed translucent gate.
  1854 | D:3      | Noticed Palms's ghost (amateur DETm)
  2764 | D:4      | Reached skill level 5 in Armour
  2764 | D:4      | Reached XP level 5. HP: 38/46 MP: 4/4
  2977 | D:4      | Noticed a black bear
  2982 | D:4      | Noticed an ogre
  2984 | D:4      | Killed a black bear
  2985 | D:4      | Reached skill level 1 in Evocations
  2985 | D:4      | Reached XP level 6. HP: 44/53 MP: 5/5
  3140 | D:4      | Found an opulent altar of Gozag.
  3140 | D:4      | Found a shimmering blue altar of Sif Muna.
  3210 | D:4      | Became a worshipper of Gozag Ym Sagoz the Greedy
  3345 | D:4      | Reached skill level 5 in Shields
  3535 | D:5      | Entered Level 5 of the Dungeon
  3535 | D:5      | Found a sparkling altar of Nemelex Xobeh.
  3540 | D:5      | Reached skill level 6 in Armour
  3660 | D:5      | Found a staircase to the Ecumenical Temple.
  3664 | D:5      | Reached XP level 7. HP: 60/60 MP: 6/6
  3670 | D:5      | Reached skill level 5 in Fighting
  3763 | D:5      | Found a runed translucent gate.
  3764 | D:5      | Found a runed translucent gate.
  3764 | D:5      | Found a runed translucent gate.
  3765 | D:5      | Noticed mnelsen79's ghost (novice MiBe)
  4044 | D:5      | Found a sacrificial altar of Ru.
  4581 | D:5      | HP: 2/48 [mnelsen79's ghost (10)]
  4582 | D:5      | Slain by mnelsen79's ghost

Illustrated notes

Levels and vault maps discovered:
D:1:      onia_arrival_mini_maze_b, layout_basic
D:2:      layout_basic, ebering_ecumenical_altar_rust, wad_orctagon, uniq_robin
D:3:      layout_basic, gammafunk_ghost_necromancy, serial_co_window_serial,
          co_window_paths_b, co_window_paths_b, co_window_paths_b,
          co_window_corner_a, co_window_corner_a, co_window_cross_1,
          co_window_paths_a, co_window_broadway_c, co_window_2corner,
          co_window_corner_b, co_window_corner_b, co_window_corner_b,
          co_window_of_opportunity_b, co_window_4corner_b, glass_columns_a,
          glass_columns_c, glass_columns_c, glass_columns_a
D:4:      layout_rooms, mainiacjoe_overflow_divided_tiny
D:5:      layout_gridville, nicolae_overflow_crystal_walls,
          nemelex_xobeh_ov_fountains_minmay,
          minmay_temple_entry_statues_fountains, gammafunk_ghost_split,
          minmay_misc_feat_diagonals

Skill      XL: |  1  2  3  4  5  6  7 |
---------------+----------------------+-----
Armour         | 4 5 6 |  6.8
Dodging        | 1 2 3 |  3.5
Axes           | 3 4 |  4.8
Shields        | 4 5 |  5.5
Fighting       | 4 5 |  5.5
Evocations     | 1 2 |  2.3

Action                     |  1- 3 |  4- 6 |  7- 9 || total
---------------------------+-------+-------+-------++-------
  Melee: War axe           |    71 |    96 |    46 ||   213
         Headbutt          |     5 |    11 |    11 ||    27
    Use: Scroll            |     4 |     5 |       ||     9
         Potion            |     1 |     3 |     3 ||     7
 Armour: Scale mail        |    37 |    52 |    24 ||   113
  Dodge: Dodged            |    34 |    35 |    36 ||   105
  Block: Buckler           |    15 |    26 |     8 ||    49
